 Dungeon Crawl Stone Soup version 0.26-a0-852-g6321bf7485 (webtiles) character file.

Game seed: 16673649455534503754

72 marklar909 the Vandal (level 4, -2/29 HPs)
             Began as a Halfling Hunter on Nov 21, 2020.
             Slain by a gnoll
             ... wielding a +0 spear
              (8 damage)
             ... on level 2 of the Dungeon.
             The game lasted 00:00:52 (951 turns).

marklar909 the Vandal (Halfling Hunter)              Turns: 951, Time: 00:00:52

Health: -2/29      AC:  3    Str: 14    XL:     4   Next: 48%
Magic:  4/4        EV: 14    Int:  9    God:
Gold:   40         SH:  0    Dex: 14    Spells: 3/3 levels left

rFire    . . .     SeeInvis .   a - +1 hunting sling
rCold    . . .     Faith    .   (shield restricted)
rNeg     . . .     Spirit   .   c - +0 leather armour
rPois    .         Reflect  .   (no helmet)
rElec    .         Harm     .   (no cloak)
rCorr    .         Rampage  .   (no gloves)
MR       .....                  (no boots)
Stlth    +.........             (no amulet)
HPRegen  0.09/turn              (no ring)
MPRegen  0.09/turn              (no ring)

@: no status effects
A: small, mutation resistance 1
a: no special abilities


You were on level 2 of the Dungeon.
You visited 1 branch of the dungeon, and saw 2 of its levels.

You collected 40 gold pieces.

Inventory:

Hand Weapons
 a - a +1 hunting sling (weapon)
 b - a +0 short sword
Missiles
 d - 15 sling bullets (quivered)
Armour
 c - a +0 leather armour (worn)
Scrolls
 e - 2 scrolls of remove curse {unknown}
 g - 2 scrolls of identify {unknown}
 j - a scroll of immolation {unknown}
 k - a scroll of enchant weapon {unknown}
Potions
 h - a potion of degeneration {unknown}
 i - a potion of magic {unknown}


   Skills:
 * Level 2.2 Fighting
 + Level 7.4 Slings
 * Level 1.1 Armour
 * Level 2.4 Dodging
 + Level 1.1 Stealth


You had 3 spell levels left.
You didn't know any spells.
Your spell library was empty.

Dungeon Overview and Level Annotations

Branches:
Dungeon (2/15)

Altars:


Innate Abilities, Weirdness & Mutations

You are small and have problems with some larger weapons.
You are somewhat resistant to further mutation.


Message History

The sling bullet closely misses the jackal.
The gnoll hits you from afar with a +0 spear.
The leopard gecko misses you.
Firing (i - inventory)
d - 17 sling bullets (quivered)
Press: ? - help, Shift-Dir - straight line, f/p - leopard gecko
Aim: a leopard gecko You shoot a sling bullet.
The sling bullet hits the leopard gecko.
You kill the leopard gecko!
The gnoll hits you from afar with a +0 spear.
* * * LOW HITPOINT WARNING * * *
Firing (i - inventory)
d - 16 sling bullets (quivered)
Press: ? - help, Shift-Dir - straight line, f - jackal
Aim: a jackal You shoot a sling bullet.
The sling bullet barely misses the jackal.
The sling bullet closely misses the adder.
The jackal barely misses you.
The gnoll hits you from afar with a +0 spear!
You die...

...## ((.(. .....(
..(.. #.g.# # ((.#
....##########)..####
(....Sh@)gg..(.......
###.######(#[.##.##..
#.# ###...###. #.#
##.[........ #.#
#..#.(.####.
#.###....###
####........#
#..)......###
#.........#


You could see 2 gnolls, an adder and a jackal.

Vanquished Creatures
  2 gnolls (D:2)
  2 oozes (D:1)
  A dart slug (D:1)
  3 leopard geckos
  4 bats
  5 giant cockroaches
  5 goblins
  3 hobgoblins
  A jackal (D:2)
  5 kobolds
  A ball python (D:2)
  A rat (D:1)
33 creatures vanquished.

Notes
Turn   | Place    | Note
-------+----------+-------------------------------------------
     0 | D:1      | marklar909 the Halfling Hunter began the quest for the Orb.
     0 | D:1      | Reached XP level 1. HP: 14/14 MP: 1/1
    60 | D:1      | Reached skill level 6 in Slings
   257 | D:1      | Reached XP level 2. HP: 19/19 MP: 2/2
   473 | D:1      | Reached XP level 3. HP: 24/24 MP: 3/3
   563 | D:1      | Reached skill level 7 in Slings
   930 | D:2      | Reached XP level 4. HP: 29/29 MP: 4/4
   931 | D:2      | Reached skill level 1 in Armour
   951 | D:2      | Slain by a gnoll

Illustrated notes

Levels and vault maps discovered:
D:1:      minmay_arrival_five_plusses, layout_loops_ring
D:2:      layout_rooms, minmay_goblin_kobold_house

Skill      XL: |  1  2  3  4 |
---------------+-------------+-----
Slings         | 6 7 |  7.4
Fighting       | 2 |  2.2
Armour         | 1 |  1.1
Dodging        | |  2.4
Stealth        | |  1.1

Action                   |  1- 3 |  4- 6 || total
-------------------------+-------+-------++-------
 Fire: Hunting sling     |    87 |    16 ||   103
Armor: Leather armour    |     7 |       ||     7
Dodge: Dodged            |    15 |    11 ||    26

Table legend: (Time is in decaauts)
 A = Elapsed time spent in this place.
 B = Non-inter-level travel time spent in this place.
 C = Inter-level travel time spent in this place.
 D = Time resting spent in this place.
 E = Time spent auto-exploring this place.
 F = Levels seen in this place.
 G = Mean time per level.
                   A        B        C        D        E       F      G
               +--------+--------+--------+--------+--------+-----+--------+
         Total |    936 |    932 |      4 |      0 |    788 |   2 |  468.0 |
       Dungeon |    936 |    932 |      4 |      0 |    788 |   2 |  468.0 |
               +--------+--------+--------+--------+--------+-----+--------+

Top non-repeatable levels by time:
     D:1: 872 daAuts
     D:2: 64 daAuts
